 Dungeon Crawl Stone Soup version 0.23.1 (webtiles) character file.

Game seed: 3236293204588164935

74 poirepourri the Cudgeler (level 4, 0/28 HPs)
             Began as a Gargoyle Fighter on Mar 1, 2019.
             Slain by an ice beast (1 damage)
             ... on level 2 of the Dungeon.
             The game lasted 00:01:11 (1412 turns).

poirepourri the Cudgeler (Gargoyle Fighter)         Turns: 1412, Time: 00:01:13

Health: 0/28       AC: 10    Str: 23    XL:     4   Next: 30%
Magic:  4/4        EV:  7    Int:  8    God:
Gold:   58         SH:  9    Dex: 10    Spells: 3/3 levels left

rFire    + . .     SeeInvis .   a - +0 flail
rCold    x . .     Gourm    .   c - +0 shield
rNeg     + . .     Faith    .   b - +0 scale mail
rPois    ∞         Spirit   .   (no helmet)
rElec    +         Reflect  .   (no cloak)
rCorr    .         Harm     .   (no gloves)
MR       .....                  (no boots)
Stlth    ..........             (no amulet)
HPRegen  0.09/turn              m - -2 ring of strength (curse)
MPRegen  0.09/turn              k - ring of fire

@: mighty
A: negative energy resistance 1, electricity resistance, unbreathing,
petrification resistance, rot immunity, AC +3
a: no special abilities


You were on level 2 of the Dungeon.
You were not hungry.

You visited 1 branch of the dungeon, and saw 2 of its levels.

You collected 58 gold pieces.

Inventory:

Hand Weapons
 a - a +0 flail (weapon)
Missiles
 i - 43 bolts
Armour
 b - a +0 scale mail (worn)
 c - a +0 shield (worn)
Jewellery
 e - a cursed amulet of inaccuracy {unknown}
 k - a ring of fire (right hand)
 m - a cursed -2 ring of strength (left hand)
 q - an uncursed amulet of the gourmand {unknown}
Scrolls
 g - a scroll of teleportation
 h - a scroll of remove curse
Potions
 j - a potion of lignification
 l - 2 potions of heal wounds {unknown}
 n - a potion of brilliance
 p - a potion of cancellation {unknown}
Comestibles
 f - 3 rations


   Skills:
 - Level 3.2 Fighting
 + Level 4.4 Maces & Flails
 - Level 3.2 Armour
 - Level 3.2 Shields


You had 3 spell levels left.
You didn't know any spells.
Your spell library was empty.

Dungeon Overview and Level Annotations

Branches:
Dungeon (2/15)

Altars:


Innate Abilities, Weirdness & Mutations

You are resistant to torment.
Your stone body is resilient. (AC +3)
You are immune to poison.
You resist negative energy. (rN+)
You are resistant to electric shocks. (rElec)
You can survive without breathing.
You are immune to petrification.
You are immune to rotting.


Message History

You barely miss the ice beast.
The ice beast is lightly wounded.
You block the ice beast's attack. The ice beast closely misses you.
You sock the ice beast!
The ice beast is heavily wounded.
You block the ice beast's attack.
You sock the ice beast!
The ice beast is almost dead.
The ice beast hits you but does no damage.
You closely miss the ice beast.
The ice beast is almost dead.
You block the ice beast's attack.
You hit the ice beast.
The ice beast is almost dead.
The ice beast hits you.
* * * LOW HITPOINT WARNING * * *
The ice beast freezes you!
You feel a terrible chill!
* * * LOW HITPOINT WARNING * * *
The ice beast hits you.
You die...

##.#.........#
#.########### #.# #....
##+## #.### ##...## #.#
# ##.....## #.### #
##.......## #.#.#
#...####.........###....
......Y@.........'......
....####.........###)...
. ##.......## #....
##.....## ####. ##...##
#. ##+## #. ##### ### #.
#<..... ..# #.
......###.# #.


You could see an ice beast.

Vanquished Creatures
  3 adders (D:2)
  An ooze (D:1)
  A dart slug (D:1)
  A leopard gecko (D:1)
  4 giant cockroaches
  6 goblins
  7 hobgoblins
  A ball python (D:2)
  6 bats
  2 frilled lizards
  2 kobolds (D:1)
  7 rats
41 creatures vanquished.

Notes
Turn   | Place    | Note
-------+----------+-------------------------------------------
     0 | D:1      | poirepourri the Gargoyle Fighter began the quest for the
                  | Orb.
     0 | D:1      | Reached XP level 1. HP: 14/14 MP: 1/1
    84 | D:1      | Reached XP level 2. HP: 17/19 MP: 2/2
   319 | D:1      | Reached skill level 3 in Maces & Flails
   480 | D:1      | Reached XP level 3. HP: 22/23 MP: 3/3
  1060 | D:2      | Reached skill level 4 in Maces & Flails
  1069 | D:2      | Reached XP level 4. HP: 28/28 MP: 4/4
  1400 | D:2      | Noticed an ice beast
  1412 | D:2      | HP: 1/28 [ice beast (7)]
  1412 | D:2      | Slain by an ice beast

Skill      XL: |  1  2  3 |
---------------+----------+-----
Maces & Flails | 3 4 |  4.4
Fighting       | |  3.2
Armour         | |  3.2
Shields        | |  3.2

Action                   |  1- 3 |  4- 6 || total
-------------------------+-------+-------++-------
Melee: Flail             |   119 |    22 ||   141
  Use: Scroll            |       |     6 ||     6
       Potion            |       |     1 ||     1
  Eat: Ration            |     1 |       ||     1
Armor: Scale mail        |    77 |     7 ||    84
Dodge: Dodged            |    37 |    10 ||    47
Block: Shield            |    64 |    10 ||    74
